 Dungeon Crawl Stone Soup version 0.31-a0-187-gba352fbbf7 (webtiles) character file.

Game seed: 2018238421060381277

143 qw the Skirmisher (level 5, 0/29 HPs)
             Began as a Deep Elf Hunter on June 22, 2023.
             Slain by a river rat (3 damage)
             ... in a sewer.
             The game lasted 00:00:58 (2187 turns).

qw the Skirmisher (Deep Elf Hunter)                 Turns: 2187, Time: 00:00:58

Health: 0/29       AC:  5    Str: 10    XL:     5   Next: 4%
Magic:  7/7        EV: 12    Int: 14    God:
Gold:   57         SH:  0    Dex: 18    Spells: 4/4 levels left

rFire   . . .        Y - +1 shortbow
rCold   . . .        (shield currently unavailable)
rNeg    . . .        c - +0 leather armour
rPois   .            f - +0 helmet
rElec   .            (no cloak)
rCorr   .            i - +0 pair of gloves
SInv    .            (no boots)
Will    .....        (no amulet)
Stlth   ++           (no ring)
HPRegen 0.24/turn    (no ring)
MPRegen 0.10/turn

%: no passive effects
@: no status effects
A: no striking features
a: no special abilities


You were in a sewer.
You visited 1 branch of the dungeon, and saw 3 of its levels.
You also visited: Sewer.

You collected 57 gold pieces.


   Skills:
 - Level 1.5 Fighting
 + Level 8.4 Ranged Weapons
 - Level 2.4 Dodging
 - Level 1.2 Stealth


You had 4 spell levels left.
You didn't know any spells.
Your spell library was empty.

Inventory:

Hand Weapons
 Y - a +1 shortbow (weapon)
Armour
 c - a +0 leather armour (worn)
 f - a +0 helmet (worn)
 i - a +0 pair of gloves (worn)
Scrolls
 b - a scroll of identify
 k - 2 scrolls of teleportation
Potions
 a - 5 potions of enlightenment
 e - a potion of heal wounds {unknown}
 g - a potion of curing {unknown}
 h - a potion of haste {unknown}
 l - a potion of resistance {unknown}

Dungeon Overview and Level Annotations

Branches:
Dungeon (3/15)              Sewer (1/1)

Altars:


Message History

You shoot an arrow. The arrow hits the bat!
You kill the bat!
The bat barely misses you. The bat closely misses you.
You shoot an arrow. The arrow misses the bat.
The bat barely misses you.
You shoot an arrow. The arrow closely misses the bat.
The bat hits you.
You shoot an arrow. The arrow barely misses the bat.
The bat misses you.
You shoot an arrow. The arrow closely misses the bat.
The bat completely misses you.
You shoot an arrow. The arrow hits the bat.
You kill the bat!
You start resting.
HP restored.
You enter the shallow water.
Moving in this stuff is going to be slow.
You open the large door. 2 river rats come into view.
You shoot an arrow. The arrow barely misses the river rat.
You shoot an arrow. The arrow barely misses the river rat.
You shoot an arrow. The arrow closely misses the river rat.
The river rat barely misses you.
The river rat bites you but does no damage.
You shoot an arrow. The arrow barely misses the river rat.
The river rat bites you. The river rat misses you.
The river rat barely misses you. The river rat bites you!
You shoot an arrow.
The arrow hits the river rat but does no damage.
The river rat closely misses you. x2
You shoot an arrow. The arrow hits the river rat.
The river rat is moderately wounded.
The river rat bites you! The river rat closely misses you.
You shoot an arrow. The arrow hits the river rat.
The river rat is almost dead.
The river rat misses you. The river rat barely misses you.
You shoot an arrow. The arrow hits the river rat.
The river rat is almost dead.
The river rat bites you! The river rat bites you.
You die...

#~~.# #..# #~~~#
#..# #~~~# #..#
#~~~# ###..#
#~~~# #.#..#
#~~%# #.'..+
#~~~# #.rr.+
#~~.# #@.# #.~~#
#..# #.~~# ~ #.~#
#~~~# ~~ #~~#
#.~~#
~~~####~~####~~.#
~.~~~~~~~~~~~~~~#
~~~~~~~~~~~~~~~~#
~.~~~.~.~~~~~~.~#
#############~~~#


You could see 2 river rats.

Vanquished Creatures
  4 gnolls
  3 adders
  3 worms
  A dart slug (D:1)
  An orc (D:3)
  7 ball pythons
  6 endoplasms
  5 giant cockroaches
  4 goblins
  A hobgoblin (D:1)
  5 jackals
  6 quokkas
  6 bats
  4 frilled lizards
  4 kobolds
  7 rats
67 creatures vanquished.

Notes
Turn   | Place    | Note
-------+----------+-------------------------------------------
     0 | D:1      | qw the Deep Elf Hunter began the quest for the Orb.
     0 | D:1      | Reached XP level 1. HP: 12/12 MP: 3/3
     0 | D:1      | 0 ||| qw: Version: 0.3-a-9-g12657ce
     0 | D:1      | 0 ||| qw: Game counter: 2676
     0 | D:1      | 0 ||| qw: Always use a shield: true
     0 | D:1      | 0 ||| qw: God list: Okawaru
     0 | D:1      | 0 ||| qw: Allow faded altars: false
     0 | D:1      | 0 ||| qw: Do Orc after D:15 true
     0 | D:1      | 0 ||| qw: Do second Lair branch before Depths: true
     0 | D:1      | 0 ||| qw: Lair rune preference: random
     0 | D:1      | 0 ||| qw: Plans: Normal
     0 | D:1      | 0 ||| PLANNING D:1-11
   134 | D:1      | Reached skill level 6 in Ranged Weapons
   134 | D:1      | Reached XP level 2. HP: 16/16 MP: 4/4
   153 | D:1      | 153 ||| FLEEEEING.
   298 | D:1      | Found a faded altar of an unknown god.
   408 | D:1      | Reached XP level 3. HP: 17/20 MP: 5/5
   651 | D:1      | 651 ||| UPGRADING to +0 pair of gloves.
   656 | D:1      | 656 ||| READING scroll labelled QOINIWUALA.
   657 | D:1      | 657 ||| READING scroll labelled JYRURO UMEDO.
   658 | D:1      | 658 ||| READING scroll labelled WIHUKH WASO.
   659 | D:1      | 659 ||| READING 2 scrolls labelled TAERPH HEOPLINU.
   664 | D:1      | 664 ||| DROPPING scroll of butterflies.
   675 | D:2      | 675 ||| STAIRDANCE
   702 | D:2      | 702 ||| STAIRDANCE
   714 | D:1      | Reached skill level 7 in Ranged Weapons
   773 | D:2      | 773 ||| STAIRDANCE
   838 | D:2      | Reached XP level 4. HP: 24/25 MP: 6/6
  1441 | D:2      | 1441 ||| READING scroll labelled ZAIMI FYMIU.
  1462 | D:3      | 1462 ||| PLANNING SEWER
  1803 | D:3      | 1803 ||| Stepping ~*~*~tactically~*~*~ (water).
  1813 | D:3      | Found a glowing drain.
  1820 | D:3      | 1820 ||| UPGRADING to +0 helmet.
  1826 | D:3      | 1826 ||| READING scroll labelled JEPPYI YSCHACI.
  1827 | D:3      | 1827 ||| READING scroll labelled ZAKKOHYDIE.
  1828 | D:3      | 1828 ||| READING scroll labelled PUKLAU OLOHOOT.
  1831 | D:3      | 1831 ||| Stepping ~*~*~tactically~*~*~ (cloud).
  1839 | D:3      | HP: 6/25 [poisoned by you (poison gas)]
  1977 | Sewer    | Entered a sewer
  1980 | Sewer    | Reached skill level 8 in Ranged Weapons
  2099 | Sewer    | Reached XP level 5. HP: 28/29 MP: 7/7
  2106 | Sewer    | 2106 ||| Stepping ~*~*~tactically~*~*~ (water).
  2125 | Sewer    | 2125 ||| Stepping ~*~*~tactically~*~*~ (water).
  2136 | Sewer    | 2136 ||| Stepping ~*~*~tactically~*~*~ (water).
  2160 | Sewer    | 2160 ||| Stepping ~*~*~tactically~*~*~ (water).
  2187 | Sewer    | HP: 3/29 [river rat (7)]
  2187 | Sewer    | Slain by a river rat

Levels and vault maps discovered:
D:1:      lemuel_arrival_muddy, layout_basic, ebering_ecumenical_altar_webs,
          grunt_decor_junction, minmay_tripent
D:2:      layout_basic
D:3:      layout_loops_corners, gup_sewer_entry_pipe
Sewer:    sewer_fruit_machine

Skill      XL: |  1  2  3  4 |
---------------+-------------+-----
Ranged Weapons | 6 7 8 |  8.4
Fighting       | |  1.5
Dodging        | |  2.4
Stealth        | |  1.2

Action                     |  1- 3 |  4- 6 || total
---------------------------+-------+-------++-------
   Fire: Shortbow          |    83 |   121 ||   204
    Use: Scroll            |     4 |     4 ||     8
 Armour: Leather armour    |     7 |     9 ||    16
  Dodge: Dodged            |    21 |    38 ||    59

Table legend:
 A = Non-vault XP
 B = Vault XP
 C = Vault XP percentage of total XP
 D = Non-vault monster count
 E = Vault monster count
 F = Vault count percentage of total count
                 A         B        C        D         E       F
            +---------+---------+-------+---------+---------+-------
      Total |     136 |      69 |  33.7 |      43 |      24 |  35.8
            +---------+---------+-------+---------+---------+-------
        D:1 |      86 |       4 |   4.4 |      28 |       2 |   6.7
        D:2 |      43 |       0 |   0.0 |      10 |       0 |   0.0
        D:3 |       7 |       8 |  53.3 |       5 |       4 |  44.4
      Sewer |       0 |      57 | 100.0 |       0 |      18 | 100.0
            +---------+---------+-------+---------+---------+-------
